 Dungeon Crawl Stone Soup version 0.30.1-8-g117510f58f (webtiles) character file.

Game seed: 13881561813326204600

3067 booth the Summoner (level 9, -5/59 (68) HPs)
             Began as a Gnoll Summoner on Sept 22, 2023.
             Was a Follower of Ashenzari.
             Slain by a wight
             ... wielding a +4 dire flail
              (11 damage)
             ... on level 7 of the Dungeon.
             The game lasted 00:50:41 (6276 turns).

booth the Summoner (Gnoll Summoner)                 Turns: 6276, Time: 00:50:42

HP:   -5/59 (68)    AC:  8    Str: 12    XL:     9   Next: 88%
MP:   10/20         EV: 14    Int: 15    God:    Ashenzari [*.....]
Gold: 427           SH:  0    Dex: 12    Spells: 1/23 levels left

rFire   . . .        i - +2 whip (spect)
rCold   . . .        (no shield)
rNeg    . . .        w - +2 leather armour of Ashenzari's Augurer {Will+, Self, Cun} (curse)
rPois   .            x - +2 hat "Share My Bad Feelings" {Range, Elem} (curse)
rElec   .            y - +0 cloak
rCorr   .            (no gloves)
SInv    .            (no boots)
Will    +....        (no amulet)
Stlth   +++          (no ring)
HPRegen 1.09/turn    (no ring)
MPRegen 0.17/turn

%: no passive effects
@: heavily drained
A: fangs 1, strong nose, distributed training, horns 1, regeneration 1, subdued
magic 1, MP-powered wands
a: Renounce Religion, Shatter the Chains


You were on level 7 of the Dungeon.
You worshipped Ashenzari.
Ashenzari was aware of your devotion.
You visited 1 branch of the dungeon, and saw 8 of its levels.

You collected 427 gold pieces.

Inventory:

Hand Weapons
 g - a +2 flail of venom
 i - a +2 spectral whip (weapon)
 t - a +3 mace
 z - a +1 heavy hand axe
Missiles
 q - 4 poisoned darts (quivered)
Armour
 a - a +0 ring mail
 e - a +0 leather armour of cold resistance
 w - the cursed +2 leather armour of Ashenzari's Augurer (worn) {Will+, Self, Cun}
   (You took it off Duvessa on level 4 of the Dungeon)

   It has a curse which improves the following skills: Introspection: Fighting
   and Spellcasting.
   Cunning:   Dodging and Stealth.
 x - the cursed +2 hat "Share My Bad Feelings" (worn) {Range, Elem}
   (You found it on level 5 of the Dungeon)

   It has a curse which improves the following skills: Ranged Combat: Ranged
   Weapons and Throwing.
   Elements:  Fire Magic, Ice Magic, Air Magic and Earth Magic.
 y - a +0 cloak (worn)
Jewellery
 c - a ring of flight
Wands
 s - a wand of polymorph (25)
 v - a wand of paralysis (5)
 B - a wand of iceblast (8)
Scrolls
 d - 2 scrolls of amnesia
 f - 5 scrolls of fog
 u - a scroll of summoning
 A - a scroll of fear
Potions
 b - a potion of magic
 h - a potion of mutation
 j - a potion of flight
 k - a potion of resistance
 l - 2 potions of might
 m - a potion of brilliance
 o - a potion of attraction


   Skills:
 + Level 4.8(5.6) Fighting
 + Level 4.8 Short Blades
 + Level 4.8 Long Blades
 + Level 4.8 Axes
 + Level 4.8 Maces & Flails
 + Level 4.8 Polearms
 + Level 4.8 Staves
 + Level 4.8(5.6) Ranged Weapons
 + Level 4.8(5.6) Throwing
 + Level 4.8 Armour
 + Level 6.7(7.5) Dodging
 + Level 6.5(7.3) Stealth
 + Level 4.8 Shields
 + Level 4.8 Unarmed Combat
 + Level 7.0(7.8) Spellcasting
 + Level 4.0 Conjurations
 + Level 4.0 Hexes
 + Level 8.2 Summonings
 + Level 4.0 Necromancy
 + Level 4.0 Translocations
 + Level 4.0 Transmutations
 + Level 4.0(4.7) Fire Magic
 + Level 4.0(4.7) Ice Magic
 + Level 4.0(4.7) Air Magic
 + Level 4.0(4.7) Earth Magic
 + Level 4.0 Poison Magic
 + Level 5.3 Invocations
 + Level 4.8 Evocations


You had one spell level left.
You knew the following spells:

 Your Spells              Type           Power      Damage    Failure   Level
a - Summon Small Mammal   Summ           92%        N/A       1%          1
b - Call Imp              Summ           46%        N/A       1%          2
c - Call Canine Familiar  Summ           23%        N/A       1%          3
d - Summon Guardian Gole  Hex/Summ       18%        N/A       2%          3
e - Shock                 Conj/Air       56%        1d6       1%          1
f - Summon Lightning Spi  Summ/Air       19%        N/A       9%          4
g - Ensorcelled Hibernat  Hex/Ice        28%        N/A       2%          2
h - Tukima's Dance        Hex            13%        N/A       7%          3
i - Inner Flame           Hex/Fire       14%        N/A       6%          3

Your spell library contained the following spells:

 Spells                   Type           Power      Damage    Failure   Level
 Swiftness                Air            15%        N/A       5%          3
 Portal Projectile        Hex/Tloc       26%        N/A       7%          3
 Spider Form              Tmut/Pois      13%        N/A       7%          3
 Airstrike                Air            7%         2d(2-18)  19%         4
 Flame Wave               Conj/Fire      14%        2d6       22%         4
 Leda's Liquefaction      Hex/Erth       7%         N/A       22%         4
 Sticky Flame             Conj/Fire      14%        2d4       22%         4
 Anguish                  Hex/Necr       6%         N/A       24%         4
 Lee's Rapid Deconstruct  Erth           7%         3d7*      47%         5
 Blade Hands              Tmut           6%         N/A       58%         5
 Statue Form              Tmut/Erth      9%         N/A       98%         6


Dungeon Overview and Level Annotations

Branches:
Dungeon (8/15)             Temple (0/1) D:5
   Lair: D:8-11

Altars:
Ashenzari
Vehumet
The Shining One


Innate Abilities, Weirdness & Mutations

You have very sharp teeth.
Your uncanny sense of smell can sniff out nearby items.
Your experience applies equally to all skills.
You have a pair of small horns on your head.
Your natural rate of healing is unusually fast.
Your spells are a little easier to cast, but a little less powerful.
You expend magic power (3 MP) to strengthen your wands.


Message History

The wight closely misses you.
The wight closely misses your cerulean imp.
The iguana completely misses you.
The wight hits you with a +4 dire flail.
* * * LOW HITPOINT WARNING * * *
You feel drained.
* * * LOW HITPOINT WARNING * * *
Your hound barely misses the iguana.
Your cerulean imp hits the wight but does no damage.
You hit the wight but do no damage. Your headbutt misses the wight.
Your +2 spectral whip closely misses the wight.
The wight hits you but does no damage. The wight misses your cerulean imp.
The wight hits you with a +4 dire flail!
* * * LOW HITPOINT WARNING * * *
You feel drained.
* * * LOW HITPOINT WARNING * * *
Your hound bites the iguana.
The iguana barely misses you.
Okay, then.
Casting: Call Canine Familiar (safe; 1% risk of failure)
Confirm with . or Enter, or press ? or * to list all spells.
Aiming: Tukima's Dance (dangerous; 7% risk of failure)
Press: ? - help, Shift-Dir - straight line, f - wight
Aim: a wight, wielding a +4 dire flail and wearing a +0 robe (chance to affect: 47%)
The wight resists with some effort.
Your +2 spectral whip disappears.
Your cerulean imp hits the wight with a -2 spear.
The wight is destroyed!
Your hound bites the iguana but does no damage.
The iguana bites you.
* * * LOW HITPOINT WARNING * * *
The wight barely misses you.
Casting: Tukima's Dance (dangerous; 7% risk of failure)
Confirm with . or Enter, or press ? or * to list all spells.
Aiming: Tukima's Dance (dangerous; 7% risk of failure)
Press: ? - help, Shift-Dir - straight line, f/p - wight
Aim: a wight, wielding a +4 dire flail and wearing a +0 robe (chance to affect: 47%)
The wight resists with some effort.
Your hound bites the iguana but does no damage.
The wight hits you with a +4 dire flail!
You die...

########+#######
#....)#........#
#...hl#........######.
#...5@z............##.
#...)...#####.........
#.......# #.........
#.....#...............
......>...##########...
............ ....
............. ....
....#####.#... ....
....


You could see an iguana (ally target), a wight (ally target), a friendly hound
(summoned) and a friendly cerulean imp (summoned).

Vanquished Creatures
  A hornet (D:7)
  Grinder (D:3)
  Menkaure (D:5)
  Duvessa (D:4)
  A phantom (D:5)
  4 bullfrogs
  A wight (D:7)
  2 killer bees (D:7)
  2 hounds (D:6)
  An orc priest (D:3)
  Crazy Yiuf (D:5)
  3 iguanas
  3 orc wizards (D:5)
  6 gnolls
  3 adders
  4 orcs
  2 endoplasms (D:3)
  A hobgoblin (D:3)
  5 jackals
  A kobold (D:2)
  A quokka (D:4)
  5 bats
  3 goblins
  2 rats (D:2)
55 creatures vanquished.

Vanquished Creatures (collateral kills)
  Sigmund (D:3)
  Eustachio (D:5)
  Edmund (D:4)
  A water moccasin (D:7)
  An ice beast (D:5)
  A bullfrog (D:6)
  2 scorpions
  2 wights (D:7)
  Dowan (D:4)
  2 killer bees (D:7)
  A howler monkey (D:6)
  A gnoll bouda (D:7)
  A hound (D:4)
  A sleepcap (D:6)
  Natasha (thrice) (D:4)
  13 gnolls
  8 adders
  2 white imps (D:5)
  An ufetubus (D:5)
  2 dart slugs
  13 orcs
  4 ball pythons
  2 bats (D:1)
  2 endoplasms (D:1)
  6 giant cockroaches
  7 goblins
  3 hobgoblins
  A jackal (D:3)
  A quokka (D:1)
  7 kobolds
  2 rats
94 creatures vanquished.

Vanquished Creatures (others)
  A wight (D:7)
  A gnoll bouda (D:6)
  A gnoll (D:6)
3 creatures vanquished.

Grand Total: 152 creatures vanquished

Notes
Turn   | Place    | Note
-------+----------+-------------------------------------------
     0 | D:1      | booth the Gnoll Summoner began the quest for the Orb.
     0 | D:1      | Reached XP level 1. HP: 13/13 MP: 6/6
   263 | D:1      | Reached XP level 2. HP: 19/19 MP: 4/7
   268 | D:1      | Learned a level 2 spell: Call Imp
   722 | D:1      | Reached skill level 5 in Spellcasting
   722 | D:1      | Reached XP level 3. HP: 25/25 MP: 7/9
   756 | D:1      | Gained mutation: You expend magic power (3 MP) to
                  | strengthen your wands. [potion of mutation]
   756 | D:1      | Gained mutation: You have a pair of small horns on your
                  | head. [potion of mutation]
   756 | D:1      | Gained mutation: Your spells are a little easier to cast,
                  | but a little less powerful. [potion of mutation]
   756 | D:1      | Gained mutation: Your natural rate of healing is unusually
                  | fast. [potion of mutation]
   762 | D:1      | Learned a level 3 spell: Call Canine Familiar
   766 | D:1      | Learned a level 3 spell: Summon Guardian Golem
   879 | D:2      | Learned a level 1 spell: Shock
   911 | D:2      | Reached skill level 1 in Invocations
   927 | D:2      | Reached skill level 1 in Fighting
   927 | D:2      | Reached skill level 1 in Short Blades
   927 | D:2      | Reached skill level 1 in Long Blades
   927 | D:2      | Reached skill level 1 in Axes
   927 | D:2      | Reached skill level 1 in Maces & Flails
   927 | D:2      | Reached skill level 1 in Polearms
   927 | D:2      | Reached skill level 1 in Staves
   927 | D:2      | Reached skill level 1 in Ranged Weapons
   927 | D:2      | Reached skill level 1 in Throwing
   927 | D:2      | Reached skill level 1 in Armour
   927 | D:2      | Reached skill level 1 in Shields
   927 | D:2      | Reached skill level 1 in Unarmed Combat
   927 | D:2      | Reached skill level 1 in Evocations
   930 | D:2      | Reached XP level 4. HP: 32/32 MP: 3/11
  1163 | D:2      | Reached skill level 1 in Conjurations
  1163 | D:2      | Reached skill level 1 in Hexes
  1163 | D:2      | Reached skill level 1 in Necromancy
  1163 | D:2      | Reached skill level 1 in Translocations
  1163 | D:2      | Reached skill level 1 in Transmutations
  1163 | D:2      | Reached skill level 1 in Fire Magic
  1163 | D:2      | Reached skill level 1 in Ice Magic
  1163 | D:2      | Reached skill level 1 in Air Magic
  1163 | D:2      | Reached skill level 1 in Earth Magic
  1163 | D:2      | Reached skill level 1 in Poison Magic
  1996 | D:3      | Reached XP level 5. HP: 37/37 MP: 9/12
  2002 | D:3      | Learned a level 4 spell: Summon Lightning Spire
  2175 | D:3      | Noticed Sigmund
  2193 | D:3      | Killed Sigmund
  2194 | D:3      | Reached skill level 5 in Dodging
  2194 | D:3      | Reached XP level 6. HP: 44/44 MP: 3/14
  2540 | D:3      | Noticed Grinder
  2565 | D:3      | Killed Grinder
  2566 | D:3      | Reached XP level 7. HP: 40/51 MP: 15/15
  3255 | D:4      | Learned a level 2 spell: Ensorcelled Hibernation
  3340 | D:4      | Noticed Natasha
  3347 | D:4      | Killed Natasha
  3348 | D:4      | Reached skill level 5 in Stealth
  3768 | D:4      | Found a broken altar of Ashenzari.
  3768 | D:4      | Found a radiant altar of Vehumet.
  3782 | D:4      | Became a worshipper of Ashenzari the Shackled
  3870 | D:4      | Noticed Natasha
  3880 | D:4      | Killed Natasha
  3984 | D:4      | Noticed Duvessa
  4007 | D:4      | Killed Duvessa
  4008 | D:4      | Reached XP level 8. HP: 29/58 MP: 13/16
  4023 | D:4      | Noticed Dowan
  4029 | D:4      | Killed Dowan
  4074 | D:4      | Noticed Natasha
  4090 | D:4      | Killed Natasha
  4161 | D:4      | Noticed Edmund
  4199 | D:4      | Killed Edmund
  4372 | D:5      | Entered Level 5 of the Dungeon
  4604 | D:5      | Noticed Menkaure
  4616 | D:5      | Killed Menkaure
  4740 | D:5      | Found a staircase to the Ecumenical Temple.
  4837 | D:5      | Found a runed translucent door.
  4838 | D:5      | Noticed Crazy Yiuf
  4867 | D:5      | Killed Crazy Yiuf
  5010 | D:5      | Noticed Eustachio
  5046 | D:5      | Killed Eustachio
  5047 | D:5      | Reached XP level 9. HP: 66/66 MP: 12/19
  5107 | D:5      | Learned a level 3 spell: Tukima's Dance
  5406 | D:6      | Reached skill level 8 in Summonings
  5464 | D:6      | Learned a level 3 spell: Inner Flame
  5600 | D:6      | Reached * piety under Ashenzari
  5614 | D:6      | Found a glowing golden altar of the Shining One.
  6064 | D:7      | Reached skill level 5 in Invocations
  6068 | D:7      | HP: 3/68 [killer bee (6)]
  6152 | D:7      | Noticed a hornet
  6163 | D:7      | Killed a hornet
  6196 | D:7      | Identified the +4 hand axe "Xuriril" {venom, rPois rN+}
  6276 | D:7      | Slain by a wight

Illustrated notes

Levels and vault maps discovered:
D:1:      amcnicky_arrival_abandoned_market, layout_basic
D:2:      layout_basic, minmay_circle_x
D:3:      minmay_skewed_foursquare, layout_basic, minmay_hedge_maze,
          hangedman_decor_peaks_small, uniq_sigmund, uniq_grinder
D:4:      layout_basic, gammafunk_temple_overflow_pools, uniq_duvessa,
          uniq_natasha, uniq_edmund
D:5:      layout_loops_ring, temple_statues, uniq_eustachio, uniq_menkaure,
          uniq_crazy_yiuf_cottage
D:6:      layout_rooms, mainiacjoe_overflow_alcove_4
D:7:      layout_basic, david_defended_altar_orc
D:8:      kennysheep_kobold_camp, layout_basic, trog_wizard,
          lemuel_crystal_altar, david_lair_generic, chequers_ossuary_entry_cave,
          serial_shops, shop

Skill      XL: |  1  2  3  4  5  6  7  8  9 |
---------------+----------------------------+-----
Spellcasting   | 5 6 7 |  7.0
Invocations    | 1 2 3 4 5 |  5.3
Fighting       | 1 2 3 4 |  4.8
Short Blades   | 1 2 3 4 |  4.8
Long Blades    | 1 2 3 4 |  4.8
Axes           | 1 2 3 4 |  4.8
Maces & Flails | 1 2 3 4 |  4.8
Polearms       | 1 2 3 4 |  4.8
Staves         | 1 2 3 4 |  4.8
Ranged Weapons | 1 2 3 4 |  4.8
Throwing       | 1 2 3 4 |  4.8
Armour         | 1 2 3 4 |  4.8
Shields        | 1 2 3 4 |  4.8
Unarmed Combat | 1 2 3 4 |  4.8
Evocations     | 1 2 3 4 |  4.8
Conjurations   | 1 2 3 4 |  4.0
Hexes          | 1 2 3 4 |  4.0
Necromancy     | 1 2 3 4 |  4.0
Translocations | 1 2 3 4 |  4.0
Transmutations | 1 2 3 4 |  4.0
Fire Magic     | 1 2 3 4 |  4.0
Ice Magic      | 1 2 3 4 |  4.0
Air Magic      | 1 2 3 4 |  4.0
Earth Magic    | 1 2 3 4 |  4.0
Poison Magic   | 1 2 3 4 |  4.0
Dodging        | 5 6 |  6.7
Stealth        | 5 6 |  6.5
Summonings     | 8 |  8.2

Action                     |  1- 3 |  4- 6 |  7- 9 || total
---------------------------+-------+-------+-------++-------
  Melee: Unarmed           |    31 |       |       ||    31
         Bite              |     4 |     4 |    28 ||    36
         Whip              |     5 |    54 |   232 ||   291
         Punch             |     1 |     1 |     5 ||     7
         Headbutt          |       |    11 |    52 ||    63
  Throw: Dart              |       |       |     8 ||     8
   Cast: Summon Small Mamm |    18 |       |     1 ||    19
         Call Imp          |     6 |    15 |    37 ||    58
         Call Canine Famil |     2 |     8 |    28 ||    38
         Summon Guardian G |       |     2 |     7 ||     9
         Shock             |       |       |     5 ||     5
         Tukima's Dance    |       |       |     2 ||     2
 Invoke: Curse Item        |       |       |     2 ||     2
    Use: Scroll            |     6 |     4 |     5 ||    15
         Potion            |     1 |       |     7 ||     8
   Stab: Distracted        |       |     1 |     6 ||     7
         Sleeping          |       |       |     1 ||     1
 Armour: Robe              |    12 |       |       ||    12
         Leather armour    |       |     6 |    53 ||    59
  Dodge: Dodged            |    29 |    30 |   167 ||   226
